 Dungeon Crawl Stone Soup version 0.16-a0-3326-gb44eaf1 (webtiles) character file.

7380 Miyamura the Thaumaturge (level 10, -12/60 HPs)
             Began as a Deep Elf Fire Elementalist on Dec 27, 2014.
             Was a Priest of Vehumet.
             Mangled by a wyvern (17 damage)
             ... on level 9 of the Dungeon.
             The game lasted 00:49:04 (11897 turns).

Miyamura the Thaumaturge (DEFE)                    Turns: 11897, Time: 00:49:04

Health: -12/60     AC:  0    Str:  0      XL:     10   Next: 92%
Magic:  31/31      EV: 29    Int: 23      God:    Vehumet [***...]
Gold:   509        SH:  0    Dex: 19 (21) Spells: 7 memorised, 7 levels left

rFire  . . .     SeeInvis .     L - melded +7 halberd of Thrasos {elec, rPois rF+}
rCold  . . .     Clarity  .     B - melded +0 leather armour {rC+}
rNeg   . . .     SustAb   .     (shield currently unavailable)
rPois  .         Gourm    +     (helmet currently unavailable)
rElec  .         Spirit   .     (cloak currently unavailable)
rCorr  .         Warding  .     l - melded +0 pair of gloves
rMut   .         Stasis   .     (boots currently unavailable)
MR     +....                    s - amulet of the gourmand
Stlth  ++........               j - melded ring of wizardry
                                r - melded ring of magical power

@: bat-form, flying, lost strength, slow, somewhat resistant to hostile
enchantments, unstealthy
A: no striking features
a: Renounce Religion


You were on level 9 of the Dungeon.
You worshipped Vehumet.
Vehumet was most pleased with you.
You were very full.
You were in bat-form.
You visited 2 branches of the dungeon, and saw 11 of its levels.

You collected 509 gold pieces.

Inventory:

Hand weapons
 L - the +7 halberd of Thrasos (melded) {elec, rPois rF+}
   (You found it on level 8 of the Dungeon)

   Occasionally, upon striking a foe, it will discharge some electrical energy
   and cause terrible harm.
   It protects you from fire.
   It protects you from poison.
Armour
 l - a +0 pair of gloves (melded)
 B - a +0 leather armour of cold resistance (melded)
Jewellery
 j - a ring of wizardry (melded)
 r - a ring of magical power (melded)
 s - an amulet of the gourmand (around neck)
 D - a +2 ring of slaying
Magical devices
 d - a wand of teleportation (6)
 x - a wand of random effects (28)
 E - a wand of confusion (17)
 F - a wand of paralysis (11)
 M - a wand of magic darts (42)
Scrolls
 a - a scroll of magic mapping
 e - a scroll of teleportation
 n - a scroll of enchant armour
 q - a scroll of enchant weapon
 u - a scroll of amnesia
 v - a scroll of recharging
 C - 3 scrolls of remove curse
 G - a scroll of blinking
 O - a scroll of fear
 Q - a scroll of identify
Potions
 g - 2 potions of lignification {unknown}
 i - a potion of mutation {unknown}
 k - 5 potions of curing
 m - 3 potions of agility
 o - 2 potions of haste {unknown}
 t - 2 potions of cure mutation {unknown}
 w - a potion of cancellation {unknown}
 z - 2 potions of brilliance {unknown}
 I - a potion of magic {unknown}
 J - 2 potions of degeneration {unknown}
 N - a potion of heal wounds
Books
 b - a book of Flames

   Spells                             Type                      Level
   a - Flame Tongue                   Conjuration/Fire             1
   b - Throw Flame                    Conjuration/Fire             2
   c - Conjure Flame                  Conjuration/Fire             3
   d - Inner Flame                    Hexes/Fire                   3
   e - Sticky Flame                   Conjuration/Fire             4
   f - Fireball                       Conjuration/Fire             5
 y - a book of Battle

   Spells                             Type                      Level
   a - Infusion                       Charms                       1
   b - Shroud of Golubria             Charms/Translocation         2
   c - Song of Sleighing              Charms                       2
   d - Spectral Weapon                Hexes/Charms                 3
   e - Regeneration                   Charms/Necromancy            3
 A - a book of Alchemy

   Spells                             Type                      Level
   a - Sublimation of Blood           Necromancy                   2
   b - Alistair's Intoxication        Transmutation/Poison         4
   c - Condensation Shield            Ice                          4
   d - Petrify                        Transmutation/Earth          4
   e - Ignite Poison                  Fire/Transmutation           5
   f - Irradiate                      Conjuration/Transmutation    5
 H - the Guide on Assistive Unholy Rites
   (You found it on level 7 of the Dungeon)

   Spells                             Type                      Level
   a - Pain                           Necromancy                   1
   b - Corpse Rot                     Necromancy                   2
   c - Regeneration                   Charms/Necromancy            3
   d - Animate Dead                   Necromancy                   4
   e - Excruciating Wounds            Charms/Necromancy            5
   f - Bolt of Draining               Conjuration/Necromancy       5
Comestibles
 c - 6 bread rations
 f - 9 meat rations
 h - 21 fruits
 K - 6 slices of pizza


   Skills:
 + Level 6.2 Fighting
 + Level 9.1 Dodging
 - Level 2.4 Stealth
 + Level 10.2 Spellcasting
 + Level 8.3 Conjurations
 + Level 9.2 Fire Magic


You had 7 spell levels left.
You knew the following spells:

 Your Spells              Type           Power        Failure   Level  Hunger
a - Flame Tongue          Conj/Fire      #####        1%          1    None
b - Throw Flame           Conj/Fire      ######       1%          2    None
c - Sticky Flame          Conj/Fire      ######..     1%          4    #......
d - Fireball              Conj/Fire      ######....   4%          5    ####...
e - Sublimation of Blood  Necr           ##........   24%         2    None
f - Regeneration          Chrm/Necr      ##........   36%         3    None
g - Bolt of Draining      Conj/Necr      ####......   16%         5    ####...


Dungeon Overview and Level Annotations

Branches:
Dungeon (10/15)            Temple (1/1) D:5
   Lair: D:8-11         Orc: D:9-12

Altars:
Ashenzari
Cheibriados
Dithmenos
Elyvilon
Fedhas
Gozag
Kikubaaqudgha
Makhleb
Nemelex Xobeh
Okawaru
Qazlal
Ru
Sif Muna
Trog
Vehumet
Xom
Yredelemnul
Zin
The Shining One

Annotations:
D:10 Josephine


Message History

The water moccasin zombie bites you!
* * * LOW HITPOINT WARNING * * *
You can move again.
You fly upwards.
A wyvern comes into view.
There is a stone staircase leading down here.
Unknown command.
Unknown command.
Unknown command.
Unknown command.
Unknown command.
Unknown command.
Unknown command.
Unknown command.
Unknown command.
Unknown command.
You can't do that in your present form.
The wyvern misses you. The wyvern bites you!
You die...

#.....#.#..........#
#.....#.#..[.......#
#.....#.#..#####...#
#.....#.#.)#.. #...#
###'###.#..#.. #...#
........#†.#...#...#
........#..#...#...#
.<......#..#...'D.##
........#..#####b.#
........#.........#
.......<#.........#
#######.#.....#####
......###.....#######
..............##....###
#####.........##.##...#
#.........##.####.#
#............# #.#


You could see a wyvern.

Vanquished Creatures
  Harold (D:10)
  A hydra (D:8)
  2 hungry ghosts
  2 hippogriffs (D:7)
  2 yaks (D:8)
  Edmund (D:5)
  2 water moccasins
  A sky beast (D:9)
  An ice beast (D:6)
  4 orc warriors
  9 ogres
  A phantom (D:9)
  A yellow wasp (D:9)
  5 giant frogs
  Sigmund (D:6)
  4 centaurs
  5 big kobolds
  Blork the orc (D:6)
  2 scorpions
  An electric eel (D:9)
  12 killer bees (D:9)
  2 goliath beetles
  2 giant frog skeletons
  4 orc priests
  3 quasits
  4 hounds
  3 jellies
  9 orc wizards
  8 worker ants
  6 iguanas
  2 sheep (D:8)
  A hound skeleton (D:5)
  2 hound zombies
  A worker ant zombie (D:8)
  5 adders
  7 gnolls
  2 shadow imps (D:5)
  A giant mite (D:5)
  2 worms (D:2)
  5 giant geckos
  4 oozes
  26 orcs
  15 bats
  6 giant cockroaches
  9 goblins
  17 hobgoblins
  12 jackals
  2 quokkas
  2 ball pythons
  11 giant newts
  2 jackal zombies
  21 kobolds
  A quokka skeleton (D:5)
  16 rats
272 creatures vanquished.

Notes
Turn   | Place    | Note
--------------------------------------------------------------
     0 | D:1      | Miyamura, the Deep Elf Fire Elementalist, began the quest for the Orb.
     0 | D:1      | Reached XP level 1. HP: 10/10 MP: 5/5
   147 | D:1      | Reached XP level 2. HP: 15/15 MP: 6/8
   169 | D:1      | Learned a level 2 spell: Throw Flame
   833 | D:1      | Reached XP level 3. HP: 20/20 MP: 8/11
  1700 | D:2      | Reached XP level 4. HP: 22/24 MP: 9/13
  1734 | D:2      | Learned a level 4 spell: Sticky Flame
  1866 | D:2      | Reached skill level 1 in Fighting
  2001 | D:3      | Reached skill level 4 in Fire Magic
  2826 | D:3      | Reached XP level 5. HP: 29/29 MP: 13/17
  3246 | D:4      | Found an opulent altar of Gozag.
  3333 | D:4      | Noticed an ogre
  3339 | D:4      | Killed an ogre
  3560 | D:4      | Noticed an ogre
  3564 | D:4      | Killed an ogre
  3564 | D:4      | Reached XP level 6. HP: 33/35 MP: 11/20
  3628 | D:4      | Found a shadowy altar of Dithmenos.
  3629 | D:4      | Found a blossoming altar of Fedhas.
  3997 | D:4      | Learned a level 5 spell: Fireball
  4000 | D:4      | Learned a level 2 spell: Sublimation of Blood
  4108 | D:4      | Reached skill level 5 in Spellcasting
  4316 | D:5      | Entered Level 5 of the Dungeon
  4537 | D:5      | Reached XP level 7. HP: 40/40 MP: 13/22
  4622 | D:5      | Reached skill level 5 in Fire Magic
  4776 | D:5      | Reached skill level 5 in Dodging
  5074 | D:5      | Found a burning altar of Makhleb.
  5084 | D:5      | Found a staircase to the Ecumenical Temple.
  5132 | Temple   | Entered the Ecumenical Temple
  5217 | Temple   | Became a worshipper of Vehumet
  5243 | Temple   | Learned a level 3 spell: Regeneration
  5593 | D:6      | Noticed Edmund
  5609 | D:5      | Killed Edmund
  5609 | D:5      | Reached XP level 8. HP: 46/46 MP: 8/25
  5736 | D:6      | Reached skill level 6 in Spellcasting
  5925 | D:6      | Found a sparkling altar of Nemelex Xobeh.
  6073 | D:6      | Reached skill level 5 in Conjurations
  6204 | D:6      | Acquired Vehumet's first power
  6204 | D:6      | Offered knowledge of Magic Dart by Vehumet.
  6403 | D:6      | Noticed Sigmund
  6409 | D:6      | Killed Sigmund
  6457 | D:6      | Noticed Blork the orc
  6466 | D:6      | Killed Blork the orc
  6740 | D:7      | Reached skill level 7 in Spellcasting
  6953 | D:7      | Found a basalt altar of Yredelemnul.
  7140 | D:7      | Reached XP level 9. HP: 52/52 MP: 26/28
  7187 | D:7      | Identified the Guide on Assistive Unholy Rites (You found it on level 7 of the Dungeon)
  8166 | D:8      | Found a sacrificial altar of Ru.
  8176 | D:8      | Found a snail-covered altar of Cheibriados.
  8185 | D:8      | Reached skill level 8 in Spellcasting
  8228 | D:8      | Offered knowledge of Searing Ray by Vehumet.
  8543 | D:8      | Learned a level 5 spell: Bolt of Draining
  8679 | D:8      | Reached skill level 5 in Fighting
  8891 | D:8      | Noticed a two-headed hydra
  9375 | D:8      | Killed a two-headed hydra
  9375 | D:8      | Reached skill level 9 in Spellcasting
  9375 | D:8      | Reached XP level 10. HP: 59/59 MP: 5/30
  9438 | D:8      | Got a bloodstained halberd
  9439 | D:8      | Identified the +7 halberd of Thrasos {elec, rPois rF+} (You found it on level 8 of the Dungeon)
  9683 | D:8      | Found a basalt altar of Yredelemnul.
 10642 | D:9      | Offered knowledge of Stone Arrow by Vehumet.
 11118 | D:9      | Noticed a fire dragon
 11148 | D:9      | Acquired Vehumet's second power
 11261 | D:10     | Entered Level 10 of the Dungeon
 11276 | D:10     | Noticed Josephine
 11634 | D:10     | Noticed Harold
 11640 | D:10     | Killed Harold
 11640 | D:10     | Reached skill level 10 in Spellcasting
 11884 | D:10     | Lost strength.
 11897 | D:9      | Mangled by a wyvern

Action                   |  1- 3 |  4- 6 |  7- 9 | 10-12 || total
-------------------------+-------+-------+-------+-------++-------
Melee: Unarmed           |       |     3 |       |       ||     3
       Flail             |       |       |     5 |       ||     5
 Cast: Flame Tongue      |    74 |    38 |    68 |    39 ||   219
       Throw Flame       |     8 |    88 |   152 |    78 ||   326
       Sticky Flame      |       |       |    39 |    25 ||    64
       Fireball          |       |       |     3 |    15 ||    18
       Bolt of Draining  |       |       |       |     7 ||     7
       Regeneration      |       |       |       |     1 ||     1
Evoke: Wand              |       |       |     4 |     2 ||     6
  Use: Scroll            |       |    10 |     7 |     2 ||    19
       Potion            |       |       |     1 |     2 ||     3
  Eat: Chunk             |     2 |     9 |    20 |    25 ||    56
       Beef jerky        |       |       |     1 |       ||     1
